 Dungeon Crawl Stone Soup version 0.26.1-2-gb8aa6d0cf2 (webtiles) character file.

Game seed: 14989884654463442720

2401 Gadfly the Cudgeller (level 9, -4/85 HPs)
             Began as a Troll Delver on Feb 25, 2021.
             Killed by divine providence
             ... invoked by an orc priest
              (13 damage)
             ... on level 8 of the Dungeon.
             The game lasted 00:11:46 (7162 turns).

Gadfly the Cudgeller (Troll Delver)                 Turns: 7162, Time: 00:11:46

Health: -4/85      AC:  7    Str: 31    XL:     9   Next: 23%
Magic:  8/8        EV: 10    Int:  6    God:
Gold:   423        SH:  0    Dex: 11    Spells: 8/8 levels left

rFire    . . .     SeeInvis .   a - +0 morningstar
rCold    . . .     Faith    .   (no shield)
rNeg     . . .     Spirit   .   b - +1 robe
rPois    .         Reflect  .   (helmet restricted)
rElec    .         Harm     .   (no cloak)
rCorr    .         Rampage  .   (gloves unavailable)
Will     .....                  (boots unavailable)
Stlth    ++........             (no amulet)
HPRegen  0.64/turn              q - +6 ring of strength
MPRegen  0.11/turn              (no ring)

@: no status effects
A: large, unfitting armour, claws 3, regeneration 1, shaggy fur 1, tough skin 3
a: no special abilities


You were on level 8 of the Dungeon.
You visited 2 branches of the dungeon, and saw 9 of its levels.

You collected 423 gold pieces.

Inventory:

Hand Weapons
 a - a +0 morningstar (weapon)
Armour
 b - a +1 robe (worn)
Jewellery
 q - a +6 ring of strength (left claw)
 v - an uncursed ring of fire
Wands
 g - a wand of digging (8)
 k - a wand of iceblast (18) (quivered)
 l - a wand of acid (6)
 x - a wand of enslavement (5)
Scrolls
 c - a scroll of fog
 d - 6 scrolls of magic mapping
 j - 3 scrolls of teleportation
 p - 6 scrolls of remove curse
 r - 3 scrolls of enchant armour
 s - a scroll of enchant weapon
 w - a scroll of summoning
Potions
 f - 2 potions of haste
 h - a potion of ambrosia
 i - 4 potions of curing
 m - a potion of attraction
 n - 2 potions of heal wounds
 o - a potion of mutation
 t - a potion of cancellation
 z - a potion of lignification


   Skills:
 * Level 4.3 Fighting
 * Level 5.9 Maces & Flails
 + Level 5.6 Armour
 - Level 1.5 Dodging
 - Level 2.7 Stealth
 + Level 5.1 Evocations


You had 8 spell levels left.
You didn't know any spells.
Your spell library contained the following spells:

 Spells                   Type           Power        Failure   Level
 Animate Skeleton         Necr           0%           45%         1
 Apportation              Tloc           0%           45%         1
 Corona                   Hex            0%           45%         1
 Summon Small Mammal      Summ           0%           45%         1


Dungeon Overview and Level Annotations

Branches:
Dungeon (8/15)             Temple (1/1) D:5
   Lair: D:8-11

Altars:
Ashenzari
Cheibriados
Dithmenos
Fedhas
Hepliaklqana
Kikubaaqudgha
Makhleb
Okawaru
Qazlal
Ru
Sif Muna
Trog
Uskayaw
Vehumet
Wu Jian
Xom
Yredelemnul
Zin

Annotations:
D:8 Gastronok


Innate Abilities, Weirdness & Mutations

You are too large for most types of armour.
You have claws for hands.
Your natural rate of healing is unusually fast.
You are covered in fur. (AC +1)
You have extremely tough skin. (AC +3)


Message History

The orc wizard flickers and vanishes!
An orc priest comes into view. It is wielding a +0 club.
Items here: )) [ ††††.
A two-headed ogre comes into view.
It is wielding a +0 giant club and a -2 giant club.
The two-headed ogre shouts in stereo!
The orc priest completely misses you. The orc wizard casts a spell at you.
The puff of frost hits you.
The orc priest invokes the aid of Beogh against you.
Pain shoots through your body!
* * * LOW HITPOINT WARNING * * *
The orc begs, "Please don't kill me!"
The orc priest mumbles some strange prayers to Beogh against you.
Beogh smites you!
* * * LOW HITPOINT WARNING * * *
The orc wizard casts a spell at itself.
The orc wizard flickers and vanishes!
The orc priest invokes the aid of Beogh against you.
Beogh smites you!
You die...

. ###########
..#..(....<.#
#...........#
..........########
.....<..........#
###..####.......#
#.@#..........#
###.###....##.......#
............#####..##
...#######.O##.....##...
..w.....)o.o.#####...#..
...######.....# ...#
#.{.##..... o.....(.....
.o..##.##.o.#..


You could see a two-headed ogre, an orc priest and an orc.

Vanquished Creatures
  An oklob plant (D:2)
  Menkaure (D:5)
  2 sky beasts (D:6)
  An orc warrior (D:6)
  An ogre (D:5)
  A necrophage (D:6)
  2 centaurs (D:7)
  A big kobold (D:7)
  4 bullfrogs
  2 scorpions (D:4)
  3 killer bees (D:7)
  A centaur zombie (D:5)
  A howler monkey (D:6)
  A bullfrog zombie (D:5)
  A quasit (D:6)
  2 orc priests
  2 hounds
  Ijyb (D:5)
  5 orc wizards
  4 worker ants
  A hound zombie (D:5)
  4 gnolls (D:6)
  2 adders
  A shadow imp (D:6)
  2 white imps
  An ufetubus (D:5)
  4 worms
  4 dart slugs
  4 leopard geckos
  16 orcs
  6 giant cockroaches
  7 goblins
  3 hobgoblins
  12 jackals
  4 quokkas
  2 ball pythons
  6 bats
  5 frilled lizards
  2 giant cockroach zombies
  A jackal skeleton (D:6)
  16 kobolds
  14 rats
154 creatures vanquished.

Vanquished Creatures (others)
  3 fungi (D:2)
  3 plants (D:2)
6 creatures vanquished.

Grand Total: 160 creatures vanquished

Notes
Turn   | Place    | Note
-------+----------+-------------------------------------------
     0 | D:5      | Gadfly the Troll Delver began the quest for the Orb.
     0 | D:5      | Reached XP level 1. HP: 22/22 MP: 0/0
    30 | D:5      | Noticed a scorpion
    51 | D:5      | Reached XP level 2. HP: 29/29 MP: 1/1
   178 | D:5      | Reached skill level 1 in Armour
   308 | D:5      | Reached skill level 1 in Evocations
   308 | D:5      | Reached XP level 3. HP: 25/36 MP: 2/2
   344 | D:5      | Reached XP level 4. HP: 40/44 MP: 3/3
   409 | D:5      | Found a staircase to the Ecumenical Temple.
   612 | D:4      | Reached XP level 5. HP: 45/50 MP: 4/4
   774 | Temple   | Entered the Ecumenical Temple
  1182 | D:4      | You fall into a shaft and drop 3 floors!
  1208 | D:7      | Noticed a centaur
  1218 | D:7      | Killed a centaur
  1219 | D:7      | Reached XP level 6. HP: 59/59 MP: 5/5
  1351 | D:6      | HP: 2/59 [gnoll/+0 spear (11)]
  1358 | D:6      | HP: 2/59 [gnoll/+0 spear (4)]
  1965 | D:2      | Found a shimmering altar of Xom.
  2748 | D:2      | Found a blossoming altar of Fedhas.
  2762 | D:2      | Noticed an oklob plant
  2795 | D:2      | Killed an oklob plant
  2796 | D:2      | Reached XP level 7. HP: 46/66 MP: 6/6
  3607 | D:3      | You fall into a shaft and drop 2 floors!
  5012 | D:5      | Reached XP level 8. HP: 73/74 MP: 7/7
  5040 | D:5      | Noticed Menkaure
  5046 | D:5      | Killed Menkaure
  5136 | D:5      | Found an iron altar of Okawaru.
  5245 | D:5      | Reached skill level 5 in Armour
  5317 | D:5      | Noticed Ijyb
  5340 | D:5      | Killed Ijyb
  5360 | D:5      | Found a stormy altar of Qazlal.
  5802 | D:6      | Reached skill level 5 in Maces & Flails
  6168 | D:6      | Reached skill level 5 in Evocations
  6445 | D:7      | Reached XP level 9. HP: 50/84 MP: 8/8
  7130 | D:8      | Found a shadowy altar of Dithmenos.
  7147 | D:8      | Noticed Gastronok
  7158 | D:8      | Noticed a two-headed ogre
  7162 | D:8      | Killed from afar by an orc priest

Illustrated notes

Levels and vault maps discovered:
D:1:      amcnicky_arrival_gap_in_the_tavern_cellar, layout_basic,
          interstate_on_off, minmay_rat_gold_closets
D:2:      layout_basic, tgw_fedhas, xom_teletrap_fun
D:3:      layout_basic
D:4:      layout_loops_ring
D:5:      layout_cave_pools, nicolae_qazlal_eye_of_the_storm,
          minmay_temple_entry_grid, basic_altar, due_unseen_surprise, uniq_ijyb,
          uniq_menkaure
D:6:      layout_cave_pods, serial_glass, glass_columns_b, glass_columns_c,
          glass_columns_a, glass_columns_a, glass_columns_a, glass_columns_b
D:7:      layout_loops_ring
D:8:      layout_rooms, grunt_dithmenos_smoke, elyvilon_altar_1,
          gammafunk_temple_overflow_claw, lair_entry_dummy, uniq_gastronok
Temple:   nicolae_temple_figure_eight

Skill      XL: |  1  2  3  4  5  6  7  8  9 |
---------------+----------------------------+-----
Maces & Flails | 2 3 4 5 |  5.9
Armour         | 1 2 3 4 5 |  5.6
Evocations     | 1 2 4 5 |  5.1
Fighting       | 3 4 |  4.3
Dodging        | |  1.5
Stealth        | |  2.7

Action                   |  1- 3 |  4- 6 |  7- 9 || total
-------------------------+-------+-------+-------++-------
Melee: Mace              |    31 |   250 |    70 ||   351
       Morningstar       |       |       |   228 ||   228
Evoke: Wand              |       |     5 |     5 ||    10
  Use: Scroll            |       |     7 |    10 ||    17
       Potion            |       |     3 |       ||     3
 Stab: Sleeping          |       |     9 |     3 ||    12
Armor: Robe              |    18 |   112 |   142 ||   272
Dodge: Dodged            |    29 |   191 |   172 ||   392
